 Dungeon Crawl Stone Soup version 0.26-a0-812-g31a745ddcd (webtiles) character file.

Game seed: 17840828933737828244

49 kae the Insei (level 3, -1/20 HPs)
             Began as a Tengu Transmuter on Nov 23, 2020.
             Slain by an adder (2 damage)
             ... on level 3 of the Dungeon.
             The game lasted 00:01:07 (1776 turns).

kae the Insei (Tengu Transmuter)                    Turns: 1776, Time: 00:01:08

Health: -1/20      AC:  7    Str: 11    XL:     3   Next: 75%
Magic:  6/7        EV: 11    Int: 13    God:
Gold:   98         SH:  0    Dex: 14    Spells: 2/6 levels left

rFire    . . .     SeeInvis .   i - +0 mace (curse)
rCold    . . .     Faith    .   (no shield)
rNeg     . . .     Spirit   .   g - +0 ring mail
rPois    .         Reflect  .   (helmet currently unavailable)
rElec    .         Harm     .   h - +1 cloak
rCorr    .         Rampage  .   (no gloves)
MR       .....                  (boots unavailable)
Stlth    +.........             (no amulet)
HPRegen  0.06/turn              (no ring)
MPRegen  0.10/turn              (no ring)

@: lethally poisoned (-1 -> -6), appendages (expiring)
A: beak, horns 2, talons 3
a: End Transformation


You were on level 3 of the Dungeon.
You had grown temporary horns.
You visited 1 branch of the dungeon, and saw 3 of its levels.

You collected 98 gold pieces.

Inventory:

Hand Weapons
 i - a cursed +0 mace (weapon)
Armour
 a - a +0 robe
 g - a +0 ring mail (worn)
 h - a +1 cloak (worn)
Wands
 j - a wand of digging (6)
Scrolls
 d - a scroll of magic mapping
 e - 4 scrolls of identify
Potions
 f - a potion of ambrosia
 k - a potion of might


   Skills:
 + Level 1.4 Fighting
 + Level 0.3 Armour
 + Level 2.4 Dodging
 * Level 3.9 Unarmed Combat
 + Level 2.2 Spellcasting
 * Level 2.1 Transmutations
 * Level 0.5 Poison Magic


You had 2 spell levels left.
You knew the following spells:

 Your Spells              Type           Power        Failure   Level
a - Beastly Appendage     Tmut           #.....       26%         1
b - Spider Form           Tmut/Pois      #.........   71%         3

Your spell library contained the following spells:

 Spells                   Type           Power        Failure   Level
 Wereblood                Tmut           #.......     36%         2
 Ice Form                 Ice/Tmut       #.......     98%         4
 Blade Hands              Tmut           #.........   100%        5


Dungeon Overview and Level Annotations

Branches:
Dungeon (3/15)

Altars:


Innate Abilities, Weirdness & Mutations

You have a beak for a mouth.
You have claws for feet.
You have a pair of horns on your head.


Message History

You thump the goblin!
You kill the goblin!
The frilled lizard bites you but does no damage.
The ooze hits you. Something hits you but does no damage.
The adder barely misses you. The ooze barely misses you.
The frilled lizard bites you but does no damage.
You barely miss the adder.
Your transformation is almost over.
The adder misses you. Something hits you!
* * * LOW HITPOINT WARNING * * *
The adder bites you but does no damage.
The frilled lizard bites you but does no damage.
The ooze completely misses you.
You closely miss the adder. Your peck misses the adder. The adder bites you.
* * * LOW HITPOINT WARNING * * *
You are lethally poisoned!
The adder poisons you! The frilled lizard barely misses you.
The ooze closely misses you. Something hits you but does no damage.
The adder bites you.
You die...

*****,*,*,**,**,*,**
#...#,*,*,,,,,,,*,*
#...#,*,****,****,*
#...#,*,,,,,,,,,,,*
#...#######*,******
#..........*,*
#..........,,*
#.[lS......***
#..@J..#****
#......# ****
#......# *,,,
######## *,,, *,,,
*,,, *,,, *,,, ****


You could see an ooze, an adder and a frilled lizard.

Vanquished Creatures
  2 adders (D:2)
  2 leopard geckos
  4 giant cockroaches
  5 goblins
  2 hobgoblins
  2 kobolds
  5 bats
  3 frilled lizards (D:2)
  3 rats
28 creatures vanquished.

Vanquished Creatures (others)
  A hobgoblin (D:1)
  A rat (D:1)
2 creatures vanquished.

Grand Total: 30 creatures vanquished

Notes
Turn   | Place    | Note
-------+----------+-------------------------------------------
     0 | D:1      | kae the Tengu Transmuter began the quest for the Orb.
     0 | D:1      | Reached XP level 1. HP: 12/12 MP: 4/4
   454 | D:1      | Reached XP level 2. HP: 4/16 MP: 4/6
  1321 | D:2      | Reached XP level 3. HP: 20/20 MP: 5/7
  1326 | D:2      | Learned a level 3 spell: Spider Form
  1776 | D:3      | HP: 1/20 [adder (1)]
  1776 | D:3      | Slain by an adder

Illustrated notes

Levels and vault maps discovered:
D:1:      onia_arrival_mini_maze_b, layout_basic, minivault_26,
          minmay_misc_feat_columns, lemuel_old_faithful
D:2:      layout_rooms
D:3:      layout_basic, nicolae_ru_sacrificial_ziggurat,
          dancing_weapons_uskayaw, gup_sewer_entry_spiral,
          minmay_joined_circles, uniq_sigmund

Skill      XL: |  1  2 |
---------------+-------+-----
Transmutations | 2 |  2.1
Fighting       | |  1.4
Armour         | |  0.3
Dodging        | |  2.4
Unarmed Combat | |  3.9
Spellcasting   | |  2.2
Poison Magic   | |  0.5

Action                   || total
-------------------------++-------
Melee: Unarmed           ||    48
       Peck              ||     9
       Kick              ||    12
       Headbutt          ||     6
       Mace              ||    27
 Cast: Beastly Appendage ||    16
  Use: Potion            ||     2
       Scroll            ||     4
 Stab: Sleeping          ||     1
Armor: Robe              ||     4
       Ring mail         ||    32
Dodge: Dodged            ||    53

Table legend: (Time is in decaauts)
 A = Elapsed time spent in this place.
 B = Non-inter-level travel time spent in this place.
 C = Inter-level travel time spent in this place.
 D = Time resting spent in this place.
 E = Time spent auto-exploring this place.
 F = Levels seen in this place.
 G = Mean time per level.
                   A        B        C        D        E       F      G
               +--------+--------+--------+--------+--------+-----+--------+
         Total |   1782 |   1733 |     49 |    436 |   1041 |   3 |  594.0 |
       Dungeon |   1782 |   1733 |     49 |    436 |   1041 |   3 |  594.0 |
               +--------+--------+--------+--------+--------+-----+--------+

Top non-repeatable levels by time:
     D:1: 1004 daAuts
     D:2: 691 daAuts
     D:3: 87 daAuts
